Map: New Repugnancy LE

Players

kilatory

  • Race: Terran Terran
  • League: Gold
  • Spawn Location: 7:00

Smileblind - Winner!

  • Race: Protoss Protoss
  • League: Silver
  • Spawn Location: 1:00

VOD

Have the link to the VOD?

Description

Time

  • Played on: Feb. 7, 2019, 1:01 a.m.
  • Length: 16:29
Show
View Real Time Build Order
Export as new Build Order

kilatory Terran 

Build Orders:  

Get SALT Encoding   

  12  0:01  SCV  
  13  0:13  SCV  
  14  0:26  SCV  
  14  0:28  Supply Depot  
  15  0:42  Refinery  
  16  0:50  SCV  
  16  1:02  SCV  
  17  1:08  Barracks  
  17  1:14  SCV  
  18  1:21  Refinery  
  18  1:26  SCV  
  19  1:38  SCV  
  20  1:50  SCV  
  21  2:00  Barracks  
  21  2:02  SCV  
  22  2:14  Marine  
  23  2:21  Bunker  
  23  2:50  Supply Depot  
  23  3:05  Supply Depot  
  23  3:12  SCV, Marine x2  
  26  3:22  Engineering Bay  
  26  3:24  SCV  
  27  3:30  Marine x2  
  29  3:35  Factory  
  29  3:36  SCV  
  30  3:47  Marine x2  
  32  3:48  SCV  
  33  4:00  SCV  
  34  4:05  Marine  
  35  4:23  Marine  
  36  4:38  Sensor Tower  
  36  4:39  Armory  
  36  4:41  Hellion  
  38  4:50  Barracks Reactor  
  38  4:54  Barracks Tech Lab  
  38  5:22  Supply Depot  
  38  5:31  Terran Vehicle Weapons Level 1  
  38  5:43  Combat Shield  
  38  5:44  Hellion  
  38  5:45  Supply Depot  
  38  5:46  Marine  
  38  5:47  Marine  
  42  6:04  Marine  
  42  6:05  Hellion, Marine  
  42  6:09  Command Center  
  46  6:15  Marauder  
  48  6:22  Marine  
  48  6:23  Marine  
  50  6:26  Orbital Command  
  50  6:33  Factory Tech Lab  
  50  6:36  Marauder  
  52  6:40  Marine x2  
  54  6:58  Marine  
  54  7:00  Supply Depot  
  55  7:02  Stimpack  
  55  7:04  Supply Depot  
  55  7:21  Marauder, Marine x2  
  59  7:26  Terran Vehicle And Ship Armor Level 1  
  59  7:29  SCV  
  60  7:39  Marine x2  
  60  7:41  SCV  
  60  7:43  Marauder  
  65  7:45  Ghost Academy  
  65  7:53  SCV  
  65  7:56  Marine x2  
  68  8:04  Marauder  
  70  8:06  SCV  
  70  8:18  SCV  
  65  8:26  Marauder  
  45  8:36  Marine x2  
  45  8:47  Marauder  
  47  8:53  Marine, Nuke  
  47  8:54  Marine  
  49  9:03  Concussive Shells  
  49  9:08  Marauder  
  51  9:11  Marine x2  
  53  9:20  Terran Ship Weapons Level 1  
  53  9:26  Planetary Fortress  
  53  9:29  Marine  
  53  9:30  Marauder, Reaper  
  57  9:51  Marauder  
  59  9:56  Terran Infantry Weapons Level 1  
  59  10:03  Thor  
  65  10:12  Ghost  
  54  10:40  Ghost  
  56  10:46  Thor  
  62  11:00  Personal Cloaking  
  62  11:09  Marauder  
  64  11:14  Terran Vehicle Weapons Level 2  
  64  11:16  Refinery  
  64  11:18  Refinery  
  60  11:50  Terran Infantry Armor Level 1  
  60  12:00  Ghost  
  62  12:17  Ghost Academy  
  64  12:30  Marauder  
  64  12:49  Nuke  
  66  12:51  Marauder  
  66  12:52  Marine  
  66  12:53  Marine  
  68  13:10  Marine x2  
  70  13:12  Marauder  
  70  13:32  Nuke  
  72  13:34  Marauder  
  72  13:44  Neosteel Armor  
  72  13:47  Ghost Academy  
  72  14:15  Thor  
  78  14:19  Starport  
  78  14:40  Nuke  
  78  14:55  Ghost Academy  
  64  15:39  Nuke  
  64  15:42  Nuke  
Show
View Real Time Build Order
Export as new Build Order

Smileblind Protoss - Winner!

Build Orders: Zealot Archon 

Get SALT Encoding   

  12  0:02  Probe  
  13  0:14  Probe  
  14  0:22  Pylon  
  14  0:26  Probe  
  15  0:40  Probe  
  16  0:47  Gateway  
  16  0:48  Probe  
  16  0:56  Probe  
  17  1:00  Assimilator  
  18  1:06  Probe  
  18  1:09  Gateway  
  19  1:18  Probe  
  19  1:21  Pylon  
  20  1:30  Probe  
  20  1:31  Assimilator  
  21  1:42  Cybernetics Core  
  21  1:43  Probe  
  21  1:44  Zealot  
  24  1:55  Probe  
  24  1:58  Zealot  
  27  2:07  Probe  
  28  2:08  Warp Gate  
  28  2:30  Nexus  
  28  2:36  Pylon  
  28  2:44  Probe  
  29  2:56  Probe  
  30  2:59  Stalker  
  32  3:09  Probe  
  32  3:10  Pylon  
  33  3:20  Twilight Council  
  33  3:21  Probe  
  33  3:22  Robotics Facility  
  34  3:29  Shield Battery  
  34  3:42  Probe  
  34  3:44  Gateway  
  35  3:50  Probe x2  
  35  3:53  Charge  
  37  3:59  Probe  
  37  4:00  Assimilator  
  37  4:02  Probe  
  39  4:04  Assimilator  
  39  4:08  Shield Battery, Sentry  
  39  4:09  Sentry  
  43  4:25  Immortal  
  47  4:32  Probe  
  48  4:40  Probe  
  49  4:49  Probe  
  50  4:54  Templar Archives  
  50  4:56  Forge  
  50  4:58  Stalker  
  52  5:01  Probe  
  52  5:03  Stalker  
  55  5:08  Observer  
  55  5:13  Probe  
  57  5:18  Pylon  
  57  5:20  Pylon  
  57  5:24  Protoss Ground Weapons Level 1  
  57  5:27  Stalker x2  
  61  5:39  Gateway  
  61  5:43  Gateway  
  61  5:54  High Templar  
  61  5:55  High Templar  
  65  5:59  Archon  
  65  6:01  Immortal  
  69  6:07  Probe  
  70  6:15  Probe  
  70  6:24  Probe  
  71  6:28  Nexus  
  72  6:33  Pylon  
  72  6:35  High Templar  
  72  6:36  High Templar  
  72  6:37  Probe  
  77  6:43  Archon  
  77  6:48  Pylon  
  77  6:49  Probe  
  77  6:51  Pylon  
  78  6:54  Pylon  
  78  7:03  Immortal  
  82  7:10  Protoss Ground Weapons Level 2  
  82  7:11  Psionic Storm  
  82  7:18  Gateway  
  82  7:19  Gateway  
  82  7:21  Gateway  
  82  7:35  Probe x2  
  84  7:46  Probe  
  84  7:47  Probe  
  84  7:49  Dark Shrine  
  86  7:54  Probe  
  86  7:58  Assimilator  
  86  7:59  Zealot  
  86  8:00  Zealot  
  86  8:03  Assimilator  
  86  8:04  Probe  
  92  8:16  Probe  
  85  8:28  Probe  
  86  8:40  High Templar x2  
  86  8:41  High Templar x4  
  98  8:52  Dark Shrine, Probe  
  99  9:00  Probe  
  99  9:06  Archon x3  
  99  9:07  Gateway  
  99  9:08  Gateway  
  99  9:09  Probe  
  100  9:10  Gateway  
  101  9:18  Dark Templar x3  
  101  9:21  Probe  
  108  9:30  High Templar  
  110  9:31  Probe  
  110  9:32  High Templar  
  113  9:39  Probe  
  114  9:48  Probe  
  115  9:54  Nexus  
  115  9:57  Pylon  
  115  9:59  Pylon  
  115  10:00  Dark Templar x3, Probe  
  115  10:01  Pylon  
  115  10:04  Pylon  
  122  10:07  Pylon  
  122  10:09  Pylon  
  122  10:12  Probe  
  123  10:15  Immortal  
  127  10:22  Dark Templar x2  
  127  10:25  Zealot  
  127  10:26  Zealot x4  
  141  10:39  Gateway  
  141  10:40  Gateway  
  141  10:57  Assimilator  
  141  11:01  Assimilator  
  141  11:06  Shield Battery, Observer  
  141  11:07  Shield Battery  
  142  11:17  Shield Battery  
  142  11:19  Shield Battery  
  142  11:26  Shield Battery  
  138  11:52  Probe  
  138  12:00  Probe  
  139  12:03  Immortal  
  144  12:09  Probe  
  144  12:10  Robotics Bay  
  144  12:11  High Templar  
  144  12:12  High Templar x2  
  144  12:13  High Templar x3  
  157  12:20  Archon  
  157  12:21  Probe  
  158  12:24  Archon  
  158  12:31  Probe  
  159  12:39  Protoss Ground Weapons Level 3, Probe  
  159  12:43  Immortal  
  164  12:48  Probe  
  164  12:56  Stargate  
  164  12:58  Stargate  
  165  13:00  Probe  
  165  13:02  Pylon  
  165  13:04  Pylon  
  166  13:07  Zealot x3  
  166  13:08  Zealot  
  166  13:09  Pylon  
  166  13:12  Probe, Pylon  
  175  13:22  Immortal  
  175  13:24  Probe  
  180  13:30  Robotics Facility  
  180  13:32  High Templar x3, Robotics Facility  
  180  13:34  High Templar  
  188  13:36  Archon, Probe  
  188  13:38  Archon  
  189  13:42  Shield Battery  
  189  13:45  Void Ray x2  
  198  13:48  Extended Thermal Lance, Probe  
  198  13:56  Protoss Air Weapons Level 1  
  198  14:03  Pylon  
  198  14:06  Pylon  
  198  14:08  Pylon  
  198  14:11  Pylon  
  198  15:06  Observer  
  196  15:10  Colossus  
  178  15:41  Void Ray x2  
Tags
 
Add a new tag
Caveats
  • Supply blocks, unpowered buildings, or Contaminate may cause inaccurate times.
  • Supply counts are checked every 10 seconds.